 Dungeon Crawl Stone Soup version 0.31-a0-4-gefa6de2278 (webtiles) character file.

Game seed: 13870441078723608553

82 bande the Covered (level 4, -2/29 HPs)
             Began as a Gargoyle Fighter on May 4, 2023.
             Slain by Ijyb
             ... wielding a +4 club
              (7 damage)
             ... on level 3 of the Dungeon.
             The game lasted 00:02:42 (1485 turns).

bande the Covered (Gargoyle Fighter)                Turns: 1485, Time: 00:02:43

Health: -2/29      AC: 19    Str: 19    XL:     4   Next: 43%
Magic:  4/4        EV:  5    Int:  9    God:
Gold:   136        SH: 10    Dex: 11    Spells: 3/3 levels left

rFire   . . .        a - +1 war axe
rCold   . . .        c - +1 buckler
rNeg    + . .        h - +0 plate armour
rPois   ∞            (no helmet)
rElec   +            (no cloak)
rCorr   .            (no gloves)
SInv    .            (no boots)
Will    .....        g - amulet of reflection Stlth
                     j - +4 ring of protection
HPRegen 0.24/turn    (no ring)
MPRegen 0.09/turn

%: reflection
@: mighty, very slow
A: sickness immunity, AC +3, negative energy resistance 1, electricity
resistance, torment resistance 1, petrification resistance
a: no special abilities


You were on level 3 of the Dungeon.
You visited 1 branch of the dungeon, and saw 3 of its levels.

You collected 136 gold pieces.

Inventory:

Hand Weapons
 a - a +1 war axe (weapon)
Armour
 c - a +1 buckler (worn)
 h - a +0 plate armour (worn)
Jewellery
 g - an amulet of reflection (around neck)
 j - a +4 ring of protection (left hand)
Potions
 e - 2 potions of resistance
 i - a potion of mutation


   Skills:
 + Level 3.7 Fighting
 + Level 2.9 Axes
 + Level 4.0 Armour
 + Level 3.8 Shields


You had 3 spell levels left.
You didn't know any spells.
Your spell library was empty.

Dungeon Overview and Level Annotations

Branches:
Dungeon (3/15)

Altars:
Fedhas
Vehumet

Annotations:
D:3 Ijyb, Robin


Innate Abilities, Weirdness & Mutations

You are immune to sickness and miasma.
Your stone body is resilient. (AC +3)
You are immune to poison.
You resist negative energy. (rN+)
You are resistant to electric shocks. (rElec)
You are resistant to unholy torment.
You are immune to petrification.


Message History

The goblin barely misses you.
You feel very mighty all of a sudden.
The goblin shouts!
Ijyb hits you with a +4 club.
* * * LOW HITPOINT WARNING * * *
The goblin hits you with a +0 dagger.
* * * LOW HITPOINT WARNING * * *
Unknown command.
You slash the goblin!
You kill the goblin!
You closely miss Ijyb. You slash the hobgoblin!
You kill the hobgoblin!
You slash the orc!
You kill the orc!
You block Ijyb's attack.
A goblin comes into view. It is wielding a +0 dagger.
The goblin unwields a +0 dagger.
The goblin wields a +0 sling.
The goblin shoots a sling bullet.
You block the sling bullet with an invisible shield... and reflect it back!
The sling bullet hits the goblin.
A goblin comes into view. It is wielding a +0 club.
Ijyb hits you but does no damage.
You slash the adder!
The adder is almost dead.
You closely miss Ijyb. You hit the goblin.
You kill the goblin!
You hear a splash.
You block the adder's attack. Ijyb hits you but does no damage.
Your Armour skill increases to level 4!
You closely miss the adder.
The adder is almost dead.
You barely miss the goblin. You hit Ijyb. You block the adder's attack.
The goblin unwields a +0 sling.
The goblin wields a +0 dagger.
The goblin hits you but does no damage. You block the adder's attack.
Ijyb hits you but does no damage. The goblin hits you but does no damage.
Your unstable footing causes you to fumble your attack.
The adder bites you.
* * * LOW HITPOINT WARNING * * *
Ijyb hits you with a +4 club!
You die...

.......#.#
.......#.####
#.........#
#.##.<..# #..
#...~~.~#....
##).~.≈≈..#
#.~~_.~.##
##.g)~.##
#~@g.~#
##Sg....#
#gg..#.#
##.###..# .g#
.. .. .. .#.


You could see Ijyb (strong), Robin, an adder and 4 goblins.

Vanquished Creatures
  An adder (D:2)
  A gnoll (D:1)
  2 worms (D:2)
  2 dart slugs
  An orc (D:3)
  4 ball pythons
  5 bats
  4 endoplasms
  A giant cockroach (D:1)
  2 hobgoblins
  7 jackals (D:2)
  A kobold (D:1)
  A quokka (D:2)
  A frilled lizard (D:3)
  11 goblins
  3 rats
47 creatures vanquished.

Notes
Turn   | Place    | Note
-------+----------+-------------------------------------------
     0 | D:1      | bande the Gargoyle Fighter began the quest for the Orb.
     0 | D:1      | Reached XP level 1. HP: 14/14 MP: 1/1
   131 | D:1      | Reached XP level 2. HP: 19/19 MP: 2/2
   507 | D:1      | Reached XP level 3. HP: 19/23 MP: 3/3
   613 | D:1      | Found a radiant altar of Vehumet.
  1001 | D:2      | Found a faded altar of an unknown god.
  1310 | D:2      | Reached XP level 4. HP: 27/29 MP: 4/4
  1470 | D:3      | Noticed Ijyb
  1470 | D:3      | Found a blossoming altar of Fedhas.
  1474 | D:3      | Noticed Robin
  1484 | D:3      | Reached skill level 4 in Armour
  1485 | D:3      | Slain by Ijyb

Illustrated notes

Levels and vault maps discovered:
D:1:      dpeg_arrival_water_altar, layout_basic
D:2:      layout_loops_cross, basic_ecumenical_altar,
          corexii_item_surrounded_by_moat
D:3:      layout_rooms, fedhas_altar_2, zin_treasury, portal_sewer_entry_e,
          kennysheep_pointless_box, serial_bayou_pond_d, uniq_robin, uniq_ijyb

Skill      XL: |  1  2  3  4 |
---------------+-------------+-----
Axes           | 2 |  2.9
Armour         | 4 |  4.0
Fighting       | |  3.7
Shields        | |  3.8

Action                     |  1- 3 |  4- 6 || total
---------------------------+-------+-------++-------
  Melee: War axe           |    96 |    26 ||   122
    Use: Scroll            |     5 |       ||     5
         Potion            |       |     1 ||     1
 Armour: Scale mail        |    28 |       ||    28
         Plate armour      |    13 |    27 ||    40
  Dodge: Dodged            |    37 |    10 ||    47
  Block: Buckler           |    34 |    31 ||    65
         Reflection        |     1 |     4 ||     5

Table legend: (Time is in decaauts)
 A = Elapsed time spent in this place.
 B = Non-inter-level travel time spent in this place.
 C = Inter-level travel time spent in this place.
 D = Time resting spent in this place.
 E = Time spent auto-exploring this place.
 F = Levels seen in this place.
 G = Mean time per level.
                   A        B        C        D        E       F      G
               +--------+--------+--------+--------+--------+-----+--------+
         Total |   1540 |   1540 |      0 |      0 |   1191 |   3 |  513.3 |
       Dungeon |   1540 |   1540 |      0 |      0 |   1191 |   3 |  513.3 |
               +--------+--------+--------+--------+--------+-----+--------+

Top non-repeatable levels by time:
     D:2: 869 daAuts
     D:1: 651 daAuts
     D:3: 19 daAuts
